 Dungeon Crawl Stone Soup version 0.22-a0-422-g9628fc8 (webtiles) character file.

174 Gildeon the Magician (level 5, -1/38 HPs)
             Began as a Demigod Fire Elementalist on May 19, 2018.
             Slain by an orc priest
             ... wielding a +0 mace
              (5 damage)
             ... on level 3 of the Dungeon.
             The game lasted 00:13:32 (2273 turns).

Gildeon the Magician (Demigod Fire Elementalist)    Turns: 2273, Time: 00:13:33

Health: -1/38      AC:  6    Str: 11    XL:     5   Next: 7%
Magic:  0/15       EV: 12    Int: 21    God:
Gold:   140        SH:  0    Dex: 16    Spells: 4/13 levels left

rFire    . . .     SeeInvis .   p - +0 falchion
rCold    . . .     Gourm    .   (no shield)
rNeg     . . .     Faith    .   a - +0 robe
rPois    .         Spirit   .   o - +0 helmet
rElec    .         Reflect  .   (no cloak)
rCorr    .         Harm     .   j - +2 pair of gloves
MR       +....                  (no boots)
Stlth    ++........             (no amulet)
HPRegen  0.12/turn              e - ring of protection from magic
MPRegen  0.14/turn              (no ring)

@: no status effects
A: high mp 1
a: no special abilities


You were on level 3 of the Dungeon.
You were not hungry.

You visited 1 branch of the dungeon, and saw 3 of its levels.

You collected 140 gold pieces.

Inventory:

Hand Weapons
 p - a +0 falchion (weapon)
Armour
 a - a +0 robe (worn)
 b - a +0 leather armour
 j - a +2 pair of gloves (worn)
 o - a +0 helmet (worn)
Jewellery
 e - a ring of protection from magic (left hand)
Scrolls
 g - 2 scrolls of remove curse
Potions
 f - a potion of might {unknown}
 i - a potion of invisibility {unknown}
 l - a potion of lignification {unknown}
 m - a potion of brilliance {unknown}
 n - a potion of magic {unknown}
Comestibles
 c - 3 rations
 d - a chunk of flesh


   Skills:
 - Level 1.7 Dodging
 - Level 1.7 Stealth
 + Level 4.7 Spellcasting
 - Level 0.8 Conjurations
 - Level 2.6 Fire Magic


You had 4 spell levels left.
You knew the following spells:

 Your Spells              Type           Power        Failure   Level  Hunger
a - Flame Tongue          Conj/Fire      ##...        5%          1    None
b - Throw Flame           Conj/Fire      ##....       9%          2    #......
c - Conjure Flame         Conj/Fire      ##......     16%         3    ##.....
d - Inner Flame           Hex/Fire       ##......     19%         3    ##.....

Your spell library contained the following spells:

 Spells                   Type           Power        Failure   Level  Hunger
 Fireball                 Conj/Fire      ##........   83%         5    ######.
 Sticky Flame             Conj/Fire      ##......     47%         4    ####...


Dungeon Overview and Level Annotations

Branches:
Dungeon (3/15)


Innate Abilities, Weirdness & Mutations

You have an increased reservoir of magic. (+10% MP)


Message History

The orc priest is lightly wounded.
The orc priest hits you with a mace.
* * * LOW HITPOINT WARNING * * *
You hit the orc priest.
The orc priest is moderately wounded.
The orc priest closely misses you.
You completely miss the orc priest.
The orc priest is moderately wounded.
The orc priest invokes the aid of Beogh against you.
Beogh smites you!
* * * LOW HITPOINT WARNING * * *
Casting: Flame Tongue (safe; 5% risk of failure)
Confirm with . or Enter, or press ? or * to list all spells.
Aiming: Flame Tongue (safe; 5% risk of failure)
Press: ? - help, Shift-Dir - straight line, f - orc priest
Aim: an orc priest, wielding a mace and wearing a chain mail (moderately wounded)
The flame tongue hits the orc priest.
The orc priest is heavily wounded.
The orc priest hits you with a mace.
You die...

#.######....# #.#.#
#.# #..#.# #.#.#
##.######..... #.#.#
#............#
#.#.###..#######.#.#
#....##..# .#.#
#......[.# .# #
#.o)###.# ##@####.#
#..)...#
#............#
##############


You could see an orc priest.

Vanquished Creatures
  A hound (D:2)
  An orc priest (D:3)
  Jessica (D:2)
  A worker ant (D:3)
  A worm (D:2)
  2 dart slugs
  A leopard gecko (D:1)
  3 orcs (D:3)
  4 giant cockroaches
  5 goblins
  10 hobgoblins
  9 kobolds
  7 bats
  4 frilled lizards
  A quokka zombie (D:2)
  6 rats
57 creatures vanquished.

Notes
Turn   | Place    | Note
-------+----------+-------------------------------------------
     0 | D:1      | Gildeon the Demigod Fire Elementalist began the quest for the Orb.
     0 | D:1      | Reached XP level 1. HP: 14/14 MP: 5/5
    28 | D:1      | Reached skill level 2 in Spellcasting
   363 | D:1      | Reached XP level 2. HP: 19/20 MP: 5/8
   367 | D:1      | Learned a level 2 spell: Throw Flame
   794 | D:1      | Reached skill level 3 in Spellcasting
  1014 | D:2      | Reached XP level 3. HP: 15/26 MP: 2/10
  1083 | D:2      | Learned a level 3 spell: Conjure Flame
  1344 | D:2      | Found a glowing golden altar of the Shining One.
  1492 | D:2      | Learned a level 3 spell: Inner Flame
  1505 | D:2      | Noticed Jessica
  1511 | D:2      | Killed Jessica
  1511 | D:2      | Reached skill level 4 in Spellcasting
  1511 | D:2      | Reached XP level 4. HP: 33/33 MP: 10/13
  2260 | D:3      | Reached XP level 5. HP: 31/38 MP: 5/15
  2273 | D:3      | Slain by an orc priest

Vault maps used:
D:1:      dpeg_arrival_stonehenge_12_columns, minivault_25
D:2:      marbit_many_paths, uniq_jessica
D:3:      nicolae_overflow_crystal_walls, tgw_sif,
          amethyst_overflow_temple_binary, first_ration, hangedman_decor_points,
          minmay_misc_feat_room, uniq_terence

Skill      XL: |  1  2  3 |
---------------+----------+-----
Spellcasting   | 2 3 4 |  4.7
Dodging        | |  1.7
Stealth        | |  1.7
Conjurations   | |  0.8
Fire Magic     | |  2.6

Action                   |  1- 3 |  4- 6 || total
-------------------------+-------+-------++-------
Melee: Club              |     5 |     1 ||     6
       Falchion          |       |    10 ||    10
 Cast: Flame Tongue      |    67 |    47 ||   114
  Use: Scroll            |     6 |       ||     6
       Potion            |     2 |     1 ||     3
 Stab: Sleeping          |     3 |     1 ||     4
  Eat: Chunk             |     2 |       ||     2
       Ration            |       |     1 ||     1
Armor: Robe              |     7 |    13 ||    20
Dodge: Dodged            |    22 |    26 ||    48
       Rpst.: Falchion   |       |     5 ||     5

Table legend:
 A = Spawn XP
 B = Non-spawn XP
 C = Spawn XP percentage of total XP
 D = Spawn monster count
 E = Non-spawn monster count
 F = Spawn count percentage of total count
 G = Total turns spent on level
                    A         B        C        D         E        F      G
               +---------+---------+-------+---------+---------+-------+---------
         Total |       0 |     249 |   0.0 |       0 |      57 |   0.0 |  2273
               +---------+---------+-------+---------+---------+-------+---------
           D:1 |       0 |      41 |   0.0 |       0 |      26 |   0.0 |   982
           D:2 |       0 |     106 |   0.0 |       0 |      15 |   0.0 |   740
           D:3 |       0 |     102 |   0.0 |       0 |      16 |   0.0 |   551
               +---------+---------+-------+---------+---------+-------+---------
